 Dungeon Crawl Stone Soup version 0.32-a0-7-ge934b4519a (webtiles) character file.

Game seed: 14930807132529881196

11064 runemasterragnar the Covert (level 11, -12/69 HPs)
             Began as an Octopode Fighter on Jan 14, 2024.
             Was an Elder of Hepliaklqana.
             Mangled by a vampire
             ... wielding a staff of air
              (13 damage)
             ... on level 11 of the Dungeon.
             The game lasted 00:19:12 (13260 turns).

runemasterragnar the Covert (Octopode Fighter)     Turns: 13260, Time: 00:19:13

Health: -12/69     AC:  4    Str: 21    XL:     11   Next: 71%
Magic:  7/11       EV: 17    Int:  7    God:    Hepliaklqana [****..]
Gold:   626        SH:  6    Dex: 20    Spells: 8/10 levels left

rFire   x . .        a - +0 long sword
rCold   + . .        b - +0 buckler
rNeg    + . .        F - +1 hat {Will+}
rPois   .            n - amulet of the acrobat
rElec   .            h - ring of ice
rCorr   .            u - +4 ring of slaying
SInv    .            v - ring of positive energy
Will    +....        G - +6 ring of strength
Stlth   ++++++       (no ring)
HPRegen 0.31/turn    (no ring)
MPRegen 0.12/turn    (no ring)
                     (no ring)

%: acrobat
@: no status effects
A: reduced essence, almost no armour, amphibious, 8 rings, camouflage 1,
gelatinous body 1, (nimble swimmer 1), tentacles, iridescent scales 1, agile 1,
dopey 1
a: Renounce Religion, Recall Ancestor, Ancestor Identity, Transference, Idealise


You were on level 11 of the Dungeon.
You worshipped Hepliaklqana.
Hepliaklqana was greatly pleased with you.
You visited 1 branch of the dungeon, and saw 11 of its levels.

You collected 626 gold pieces.

Inventory:

Hand Weapons
 a - a +0 long sword (weapon)
 j - the +2 dagger of the Final Decision {flame, SInv}
   (You found it on level 4 of the Dungeon)

   SInv:      It lets you see invisible.
 s - a +1 mace of distortion
Armour
 b - a +0 buckler (worn)
 l - the +1 hat "Murpha" {Dex+4}
   (You found it on level 10 of the Dungeon)

   Dex+4:     It affects your dexterity (+4).
 y - a +2 hat
 F - a +1 hat of willpower (worn)
Jewellery
 h - a ring of ice (left tentacle)
 n - an amulet of the acrobat (around mantle)
 u - a +4 ring of slaying (right tentacle)
 v - a ring of positive energy (on tentacle)
 G - a +6 ring of strength (on tentacle)
Talismans
 q - a blade talisman
 r - a maw talisman
 C - a blade talisman
Wands
 p - a wand of flame (46)
 z - a wand of paralysis (2)
Scrolls
 d - 6 scrolls of teleportation
 f - 3 scrolls of revelation
 i - a scroll of noise
 k - a scroll of blinking
 m - 3 scrolls of amnesia
 B - 2 scrolls of poison
 E - a scroll of enchant weapon
 H - a scroll of torment {unknown}
Potions
 c - 3 potions of might
 e - 2 potions of magic
 g - a potion of degeneration
 o - a potion of haste
 t - a potion of lignification
 w - a potion of invisibility
 x - a potion of heal wounds
 A - a potion of ambrosia
 D - a potion of attraction
 I - a potion of berserk rage {unknown}


   Skills:
 + Level 7.9 Fighting
 + Level 9.3 Long Blades
 - Level 6.5 Dodging
 + Level 9.9 Stealth
 - Level 6.3 Shields
 + Level 6.9 Unarmed Combat
 * Level 5.4 Shapeshifting


You had 8 spell levels left.
You knew the following spells:

 Your Spells              Type           Power      Damage    Failure   Level
a - Blink                 Tloc           0%         N/A       63%         2

Your spell library contained the following spells:

 Spells                   Type           Power      Damage    Failure   Level
 Foxfire                  Conj/Fire      0%         2x1d4     50%         1
 Lesser Beckoning         Tloc           0%         N/A       63%         2
 Momentum Strike          Conj/Tloc      0%         3d8       63%         2
 Call Canine Familiar     Summ           0%         N/A       86%         3
 Gell's Gravitas          Tloc           0%         N/A       86%         3
 Sigil of Binding         Hex            0%         N/A       86%         3
 Summon Ice Beast         Ice/Summ       0%         N/A       86%         3
 Teleport Other           Tloc           0%         N/A       86%         3
 Dimensional Bullseye     Hex/Tloc       0%         N/A       99%         4
 Summon Forest            Summ/Tloc      0%         N/A       100%        5
 Summon Mana Viper        Hex/Summ       0%         N/A       100%        5
 Dispersal                Tloc           0%         N/A       100%        6
 Eringya's Noxious Bog    Alch           0%         4d6       100%        6
 Plasma Beam              Fire/Air       0%         2x1d10    100%        6
 Starburst                Conj/Fire      0%         6d3       100%        6
 Summon Cactus Giant      Summ           0%         N/A       100%        6
 Monstrous Menagerie      Summ           0%         N/A       100%        7
 Summon Hydra             Summ           0%         N/A       100%        7


Dungeon Overview and Level Annotations

Branches:
Dungeon (11/15)            Temple (0/1) D:6             Orc (0/2) D:11
   Lair: D:8-11

Altars:
Ashenzari
Dithmenos
Elyvilon
Hepliaklqana
Makhleb
Nemelex Xobeh
Qazlal
Ru
Trog
Xom
The Shining One

Shops:
D:1 (   D:4 [

Annotations:
D:3 3 runed translucent doors, Sekkong's ghost, amateur MiFi
D:11 1 runed translucent door


Innate Abilities, Weirdness & Mutations

Your life essence is reduced to manifest your ancestor. (-10% HP)
You cannot wear most types of armour.
You are amphibious.
You can wear up to eight rings at the same time.
Your skin changes colour to match your surroundings (Stealth+).
Your rubbery body absorbs attacks. (AC +1, EV +1)
((You are camouflaged when in or above water. (Stealth+)))
You have tentacles for arms and can constrict up to eight enemies at once.
You are partially covered in iridescent scales. (AC +2)
You are agile. (Dex +4, Str/Int -1)
You are dopey. (Int -2)


Message History

Something hits Illuratum but does no damage. x2
Illuratum is electrocuted.
Illuratum blocks something's attack.
Illuratum hits something with a +0 flail!
Okay, then.
Hepliaklqana grants Illuratum healing and protection!
Illuratum is fully restored!
You no longer drain nearby creatures when transferring your ancestor.
Something hits Illuratum. x3; Illuratum blocks something's attack. x2
What are your orders? t - Shout!
Orders for allies: a - Attack new target. r - Retreat! s - Stop attacking. g - Guard the area. f - Follow me.
Anything else - Cancel.
Gang up on whom?
Press: ? - help, Dir - move target There's nothing there!
Unknown command.
You swap places.
Something hits you. Something hits you but does no damage.
You are electrocuted.
You block something's attack.
You slash something! Something completely misses you.
Something closely misses you. Something hits you.
You are electrocuted!
Something bites you.
You hit something. You tentacle-slap something. You squeeze something.
Something barely misses you.
You hear some strange, mumbled words.
Something tries to affect you, but you resist.
You hit something. Something hits you. Something barely misses you.
You miss something.
Your tentacle-slap misses something.
You squeeze something.
Something hits you! x2; You are electrocuted.
* * * LOW HITPOINT WARNING * * *
Something bites you.
* * * LOW HITPOINT WARNING * * *
Something draws strength from your injuries!
Something hits you.
* * * LOW HITPOINT WARNING * * *
You are electrocuted!
* * * LOW HITPOINT WARNING * * *
Something bites you!
You die...

#### ### ..... ..#
#..####.## #.......##
#..#@#....# # ## #{
#R##.#.# .##.
###....###### ....
#..........##.##. .#
###..###....##.#.. ...
#.##.# #....##.#>.
....#.#..# #....##.##.
........####....##....
........##......###...


You could see the friendly Illuratum the knight (idealised).

Vanquished Creatures
  A two-headed ogre (D:10)
  An ugly thing (D:11)
  A cyclops (D:11)
  3 trolls
  A hornet (D:9)
  A dream sheep (D:9)
  3 yaks (D:8)
  A spriggan (D:10)
  A wyvern (D:11)
  A wraith (D:11)
  A basilisk (D:11)
  4 vampire mosquitoes
  3 water moccasins (D:5)
  A sky beast (D:7)
  5 orc warriors
  4 black bears
  3 ogres (D:7)
  A phantom (D:5)
  3 centaurs
  2 kobold brigands (D:7)
  5 bullfrogs
  A scorpion (D:5)
  4 wights
  Dowan (D:4)
  7 killer bees
  5 gnoll boudas
  4 orc priests
  3 bombardier beetles
  A jelly (D:6)
  A hound (D:5)
  5 iguanas
  Natasha (D:2)
  7 orc wizards
  10 gnolls
  3 adders
  2 shadow imps (D:6)
  3 white imps
  2 dart slugs (D:2)
  21 orcs
  7 ball pythons
  3 bats
  3 endoplasms
  5 giant cockroaches
  8 goblins
  3 hobgoblins
  7 jackals
  13 kobolds
  A quokka (D:2)
  3 frilled lizards
  2 rats (D:2)
182 creatures vanquished.

Vanquished Creatures (collateral kills)
  A two-headed ogre (D:8)
  Psyche (D:10)
  A hornet (D:7)
  A dream sheep (D:9)
  2 yaks (D:8)
  Eustachio (D:4)
  A steam dragon (D:7)
  An acid dragon (D:10)
  Duvessa (D:4)
  3 orc warriors
  A black bear (D:4)
  An ice beast (D:8)
  An ogre (D:7)
  A centaur (D:7)
  A kobold brigand (D:8)
  3 wights
  A killer bee (D:10)
  A howler monkey (D:8)
  A crimson imp (D:7)
  2 hounds (D:5)
  4 orc priests
  4 orc wizards
  6 gnolls
  An adder (D:3)
  2 ufetubi (D:5)
  8 orcs
  2 ball pythons
  A giant cockroach (D:4)
  2 hobgoblins (D:3)
  2 jackals
  A quokka (D:5)
  5 kobolds
  A rat (D:3)
65 creatures vanquished.

Vanquished Creatures (others)
  A howler monkey (D:8)
  3 knights
  An ancestor (D:3)
5 creatures vanquished.

Grand Total: 252 creatures vanquished

Notes
Turn   | Place    | Note
-------+----------+-------------------------------------------
     0 | D:1      | runemasterragnar the Octopode Fighter began the quest for
                  | the Orb.
     0 | D:1      | Reached XP level 1. HP: 16/16 MP: 1/1
   285 | D:1      | Found Uwoshruev's Weapon Boutique.
   424 | D:1      | Reached XP level 2. HP: 21/21 MP: 2/2
   843 | D:2      | Found a faded altar of an unknown god.
   864 | D:2      | Prayed at the altar of an unknown god.
   864 | D:2      | Became a worshipper of Hepliaklqana the Forgotten
   864 | D:2      | Reached * piety under Hepliaklqana
  1004 | D:2      | Reached XP level 3. HP: 14/23 MP: 3/3
  1117 | D:2      | Reached skill level 1 in Stealth
  1345 | D:2      | Noticed Natasha
  1349 | D:2      | Killed Natasha
  1350 | D:2      | Reached skill level 1 in Unarmed Combat
  1350 | D:2      | Reached XP level 4. HP: 27/27 MP: 4/4
  1751 | D:3      | Found a runed translucent gate.
  1752 | D:3      | Found a runed translucent gate.
  1754 | D:3      | Found a runed translucent gate.
  1754 | D:3      | Noticed Sekkong's ghost (amateur MiFi)
  1773 | D:3      | Reached XP level 5. HP: 21/32 MP: 5/5
  2233 | D:3      | Learned a level 2 spell: Blink
  2242 | D:3      | Reached ** piety under Hepliaklqana
  2245 | D:3      | Remembered your ancestor Illuratum as a knight
  2308 | D:3      | Found a sparkling altar of Nemelex Xobeh.
  2543 | D:4      | Reached XP level 6. HP: 24/38 MP: 6/6
  2575 | D:4      | Gained mutation: You are dopey. (Int -2) [potion of
                  | mutation]
  2575 | D:4      | Gained mutation: You are partially covered in iridescent
                  | scales. (AC +2) [potion of mutation]
  2575 | D:4      | Gained mutation: You are agile. (Dex +4, Str/Int -1)
                  | [potion of mutation]
  2623 | D:4      | Identified the +2 dagger of the Final Decision {flame,
                  | SInv}
  2628 | D:4      | Noticed a black bear
  2632 | D:4      | Killed a black bear
  2784 | D:4      | Noticed Duvessa
  2784 | D:4      | Noticed Dowan
  2792 | D:4      | Killed Duvessa
  2793 | D:4      | Reached XP level 7. HP: 23/43 MP: 7/7
  2796 | D:4      | Killed Dowan
  3156 | D:4      | Noticed Eustachio
  3190 | D:4      | Killed Eustachio
  3377 | D:4      | Found Kucroeh's Armour Emporium.
  3500 | D:5      | Entered Level 5 of the Dungeon
  3651 | D:5      | Reached skill level 5 in Long Blades
  3651 | D:5      | Reached XP level 8. HP: 48/48 MP: 8/8
  4015 | D:5      | HP: 2/48 [poisoned by a water moccasin]
  4390 | D:5      | You fall into a shaft and drop 2 floors!
  4406 | D:6      | Reached *** piety under Hepliaklqana
  4417 | D:6      | Reached skill level 5 in Stealth
  4560 | D:5      | Found a bloodstained altar of Trog.
  4740 | D:5      | Reached skill level 5 in Fighting
  4740 | D:5      | Reached skill level 5 in Dodging
  5725 | D:6      | Reached skill level 5 in Shields
  5725 | D:6      | Reached XP level 9. HP: 53/54 MP: 9/9
  5751 | D:6      | Found a staircase to the Ecumenical Temple.
  6226 | D:7      | Noticed a hornet
  6261 | D:7      | Killed a hornet
  6557 | D:7      | Found a burning altar of Makhleb.
  6805 | D:7      | Reached **** piety under Hepliaklqana
  7393 | D:7      | Reached XP level 10. HP: 40/61 MP: 10/10
  7404 | D:7      | Reached skill level 5 in Unarmed Combat
  7782 | D:7      | Found a sacrificial altar of Ru.
  7782 | D:7      | Found a shimmering altar of Xom.
  8744 | D:8      | Noticed a two-headed ogre
  9009 | D:8      | Found a broken altar of Ashenzari.
  9167 | D:8      | Reached skill level 1 in Shapeshifting
  9252 | D:8      | Killed a two-headed ogre
  9410 | D:8      | Found a glowing golden altar of the Shining One.
  9863 | D:9      | Found a white marble altar of Elyvilon.
 10529 | D:8      | Reached XP level 11. HP: 43/67 MP: 11/11
 11286 | D:10     | Entered Level 10 of the Dungeon
 11615 | D:10     | Identified the +1 hat "Murpha" {Dex+4}
 11651 | D:10     | Reached ***** piety under Hepliaklqana
 11690 | D:10     | Found a stormy altar of Qazlal.
 11768 | D:10     | Noticed a two-headed ogre
 11779 | D:10     | Killed a two-headed ogre
 11989 | D:10     | Found a shadowy altar of Dithmenos.
 12014 | D:10     | Noticed Psyche
 12019 | D:10     | Killed Psyche
 12268 | D:11     | Noticed a cyclops
 12272 | D:11     | Killed a cyclops
 12626 | D:11     | Reached skill level 5 in Shapeshifting
 12906 | D:11     | Found a staircase to the Orcish Mines.
 12957 | D:11     | Found a runed translucent door.
 13150 | D:11     | Noticed a deep elf pyromancer
 13196 | D:11     | Noticed a white ugly thing
 13202 | D:11     | Killed a white ugly thing
 13260 | D:11     | HP: 1/69 [something (9)]
 13260 | D:11     | Mangled by a vampire

Illustrated notes

Levels and vault maps discovered:
D:1:      dpeg_arrival_water_fire, layout_loops_ring, serial_shops,
          nicolae_shop_bloodbath_and_beyond
D:2:      layout_basic, shapermc_ecumenical_altar_starsandcircs,
          minmay_misc_feat_rugged, uniq_natasha
D:3:      layout_basic, general_overflow_altar, gammafunk_ghost_split,
          serial_bayou_pond_b
D:4:      layout_basic, serial_shops, nicolae_shop_pleasant_corner_grove,
          uniq_duvessa, uniq_eustachio
D:5:      layout_layer_cave, lemuel_round_altar, serial_bayou,
          serial_bayou_ford_a, serial_bayou_pond_a, serial_bayou_pond_c,
          serial_bayou_pond_c, serial_bayou_crossing, minmay_liquid_box
D:6:      layout_basic, minmay_temple_entry_poolview, serial_library,
          serial_library_hellmonk_u_bend,
          serial_library_regret_index_split_case,
          serial_library_hellmonk_angled_corner,
          serial_library_regret_index_split_case,
          serial_library_hellmonk_metal_room,
          serial_library_regret_index_double_sided,
          serial_library_hellmonk_long_bookcase
D:7:      kennysheep_seaside_town, layout_basic,
          mainiacjoe_overflow_surrounded_room,
          chequers_temple_overflow_statue_of_worship, minmay_fire_ice_demons
D:8:      kennysheep_ambush_hall, layout_basic, tso_altar,
          mainiacjoe_overflow_catwalk, minmay_misc_feat_chi
D:9:      layout_loops_ring, kennysheep_mini_moat, dreamdust_gnoll_shepherd
D:10:     layout_irregular_city, grunt_qazlal_sundering,
          mainiacjoe_overflow_chevrons, serial_glass, glass_columns_a,
          glass_columns_a, the_hattery, uniq_psyche
D:11:     minmay_the_grid_triangle_9x9_rhombus_full_mashed
          [minmay_the_grid_triangle_9x9_descending_squares,
          minmay_the_grid_triangle_9x9_empty,
          minmay_the_grid_triangle_9x9_from_above,
          minmay_the_grid_triangle_9x9_impossible_snake,
          minmay_the_grid_triangle_9x9_negative_grid,
          minmay_the_grid_triangle_9x9_subtriangle,
          minmay_the_grid_triangle_9x9_wacky_v,
          minmay_the_grid_triangle_9x9_prize_schism], layout_basic,
          minmay_lair_entry_grove, minmay_between

Skill      XL: |  1  2  3  4  5  6  7  8  9 10 11 |
---------------+----------------------------------+-----
Stealth        | 1 2 3 4 5 7 8 9 |  9.9
Unarmed Combat | 1 2 3 4 6 |  6.9
Long Blades    | 3 4 5 6 7 8 9 |  9.3
Dodging        | 4 5 6 |  6.5
Fighting       | 4 5 6 7 |  7.9
Shields        | 4 5 6 |  6.3
Shapeshifting  | 3 5 |  5.4

Action                     |  1- 3 |  4- 6 |  7- 9 | 10-12 || total
---------------------------+-------+-------+-------+-------++-------
  Melee: Long sword        |    51 |    67 |   183 |   236 ||   537
         Constrict         |    16 |    16 |    44 |    46 ||   122
         Tentacles         |     9 |    12 |    44 |    73 ||   138
         Punch             |       |     3 |     6 |    14 ||    23
 Invoke: Ancestor Identity |     1 |       |       |       ||     1
         Ancestor Life: Kn |       |     1 |       |       ||     1
         Recall Ancestor   |       |       |       |     4 ||     4
         Idealise          |       |       |       |     1 ||     1
  Evoke: Wand              |       |       |       |    12 ||    12
    Use: Potion            |       |     6 |     4 |       ||    10
         Scroll            |       |       |     8 |     6 ||    14
   Stab: Sleeping          |    10 |     7 |    17 |     9 ||    43
         Distracted        |     1 |       |     1 |     3 ||     5
         Paralysed         |       |       |       |     1 ||     1
 Armour: Skin              |    27 |    30 |    86 |   115 ||   258
  Dodge: Dodged            |    24 |    29 |   128 |   187 ||   368
  Block: Buckler           |    12 |    13 |    57 |    89 ||   171

Table legend: (Time is in decaauts)
 A = Elapsed time spent in this place.
 B = Non-inter-level travel time spent in this place.
 C = Inter-level travel time spent in this place.
 D = Time resting spent in this place.
 E = Time spent auto-exploring this place.
 F = Levels seen in this place.
 G = Mean time per level.
                   A        B        C        D        E       F      G
               +--------+--------+--------+--------+--------+-----+--------+
         Total |  13311 |  13023 |    288 |   2837 |   8005 |  11 | 1210.1 |
       Dungeon |  13311 |  13023 |    288 |   2837 |   8005 |  11 | 1210.1 |
               +--------+--------+--------+--------+--------+-----+--------+

Top non-repeatable levels by time:
     D:7: 2639 daAuts
     D:5: 1720 daAuts
     D:9: 1317 daAuts
    D:10: 1315 daAuts
     D:8: 1204 daAuts
     D:4: 934 daAuts
     D:6: 931 daAuts
     D:3: 918 daAuts
     D:2: 853 daAuts
     D:1: 814 daAuts
    D:11: 663 daAuts
